 Dungeon Crawl Stone Soup version 0.23.2-40-g277498a001 (webtiles) character file.

Game seed: 8317425952078715689

96 FishyPogo the Sneak (level 4, -5/18 HPs)
             Began as a Felid Air Elementalist on Aug 23, 2019.
             Was a Follower of Sif Muna.
             Killed by divine providence
             ... invoked by an orc priest
              (12 damage)
             ... on level 3 of the Dungeon.
             The game lasted 00:16:51 (3677 turns).

FishyPogo the Sneak (Felid Air Elementalist)        Turns: 3677, Time: 00:16:51

Health: -5/18      AC:  1    Str:  4    XL:     4   Next: 41%
Magic:  1/8        EV: 19    Int: 17    God:    Sif Muna [*.....]
Gold:   306        SH:  0    Dex: 16    Spells: 1/8 levels left
                                        Lives:  0   Deaths: 1

rFire    . . .     SeeInvis +   (weapon unavailable)
rCold    . . .     Gourm    .   (shield unavailable)
rNeg     . . .     Faith    .   (armour unavailable)
rPois    .         Spirit   .   (helmet unavailable)
rElec    .         Reflect  .   (cloak unavailable)
rCorr    .         Harm     .   (gloves unavailable)
MR       .....     Rnd*Tele +   (boots unavailable)
Stlth    ++++......             (no amulet)
HPRegen  0.06/turn              g - ring of teleportation (curse)
MPRegen  0.11/turn              j - ring of stealth

@: very slightly contaminated, quick
A: very small, no armour, no weapons or thrown items, stealth, claws 1, fangs 3,
see invisible, carnivore, speed 1, shaggy fur 1, slow metabolism 1, sharp paws
a: Divine Energy, Renounce Religion


You were on level 3 of the Dungeon.
You worshipped Sif Muna.
Sif Muna was aware of your devotion.
You were completely stuffed.

You visited 1 branch of the dungeon, and saw 3 of its levels.

You collected 306 gold pieces.

Inventory:

Jewellery
 g - a cursed ring of teleportation (left paw)
 h - an uncursed ring of poison resistance
 j - a ring of stealth (right paw)
Wands
 m - a wand of random effects (18)
Scrolls
 a - 4 scrolls of identify
 d - a scroll of remove curse {unknown}
 k - a scroll of magic mapping
 p - 2 scrolls of amnesia
 q - 2 scrolls of enchant weapon {unknown}
 r - 2 scrolls of teleportation
Potions
 c - a potion of brilliance {unknown}
 e - a potion of haste
 l - a potion of agility {unknown}
 o - a potion of might {unknown}
Comestibles
 b - 9 rations
 f - 2 chunks of flesh


   Skills:
 * Level 3.9 Dodging
 * Level 4.4 Stealth
 + Level 2.6 Spellcasting
 - Level 1.0 Conjurations
 * Level 3.8 Air Magic


You had one spell level left.
You knew the following spells:

 Your Spells              Type           Power        Failure   Level  Hunger
a - Shock                 Conj/Air       ##..         7%          1    #......
b - Swiftness             Chrm/Air       #.......     12%         2    ##.....
c - Airstrike             Air            ###.......   36%         4    #####..

Your spell library contained the following spells:

 Spells                   Type           Power        Failure   Level  Hunger
 Static Discharge         Conj/Air       ##......     21%         3    ###....
 Lightning Bolt           Conj/Air       ##........   88%         5    ######.


Dungeon Overview and Level Annotations

Branches:
Dungeon (3/15)

Altars:
Fedhas
Qazlal
Sif Muna
Trog


Innate Abilities, Weirdness & Mutations

You cannot wear armour.
You are incapable of wielding weapons or throwing items.
Your paws allow you to move quietly. (Stealth)
You have sharp claws.
You have razor-sharp teeth.
You have supernaturally acute eyesight. (SInv)
You are carnivorous and can eat meat at any time.
You cover ground quickly.
You are covered in fur. (AC +1)
You have a slow metabolism.
Your sharp claws are effective at attacking unaware monsters.


Message History

The zap hits the orc priest.
The orc priest is heavily wounded.
The zap hits the orc priest.
The orc priest is severely wounded.
The orc priest looks satisfied for a moment.
Casting: Shock (safe; 7% risk of failure)
Confirm with . or Enter, or press ? or * to list all spells.
Aiming: Shock (safe; 7% risk of failure)
Press: ? - help, Shift-Dir - straight line You miscast Shock.
Nothing appears to happen.
The orc priest hits you with a +1 short sword of protection.
Casting: Shock (safe; 7% risk of failure)
Confirm with . or Enter, or press ? or * to list all spells.
Aiming: Shock (safe; 7% risk of failure)
Press: ? - help, Shift-Dir - straight line You miscast Shock.
Your skin tingles.
The orc priest mumbles some strange prayers to Beogh against you.
Beogh smites you!
Ouch! That really hurt!
You die...

#.# ##.(.............####..###
#.# #....#####......## #...## #.#
#.##...# #.##.#..# #.#.## #.#
#)####.# #.##.#..####.#.## ##.#
###.####.###.##.#....#..#.## ...#
#☼...○##.....##.#.##......##
..####.....##...o###.#.##.###>.##
..##.(.._.....##o###.#.#..# ##...
...#.#.....#..##@##..#..[## #.#.
.....#§...○##.##.##.##..## #...
####.###.###..##.##.##.## ##..
### #.#..(..#.##.#..# ###..
#.....#...#.....######....
##.....................#..
#########[..........###..
#....#....#.# #..
##.....>.....###..


You could see an orc priest and an orc.

Vanquished Creatures
  A hound (D:3)
  3 adders (D:3)
  2 river rats (D:3)
  An ooze (D:1)
  6 worms (D:2)
  2 dart slugs
  4 orcs (D:3)
  4 giant cockroaches
  3 goblins
  5 hobgoblins
  4 jackals (D:3)
  2 bats (D:1)
  3 frilled lizards
  5 kobolds
  5 rats
50 creatures vanquished.

Notes
Turn   | Place    | Note
-------+----------+-------------------------------------------
     0 | D:1      | FishyPogo the Felid Air Elementalist began the quest for
                  | the Orb.
     0 | D:1      | Reached XP level 1. HP: 7/7 MP: 4/4
   107 | D:1      | Reached skill level 1 in Conjurations
   274 | D:1      | Reached XP level 2. HP: 11/11 MP: 4/6
   275 | D:1      | Reached skill level 3 in Stealth
   477 | D:1      | Learned a level 2 spell: Swiftness
   800 | D:2      | Found a deep blue altar of Sif Muna.
   806 | D:2      | Became a worshipper of Sif Muna the Loreminder
  1018 | D:2      | Reached XP level 3. HP: 14/14 MP: 3/7
  1117 | D:2      | Noticed a moth of wrath
  1126 | D:2      | Found a bloodstained altar of Trog.
  2466 | D:3      | Found a blossoming altar of Fedhas.
  2816 | D:3      | Reached skill level 4 in Stealth
  2816 | D:3      | Reached XP level 4. HP: 6/18 MP: 3/8
  2822 | D:3      | Learned a level 4 spell: Airstrike
  2950 | D:3      | Found a stormy altar of Qazlal.
  3165 | D:3      | Succumbed to an adder's poison
  3166 | D:3      | Reached XP level 3. HP: 0/14 MP: 7/7
  3213 | D:3      | Reached XP level 4. HP: 10/18 MP: 0/8
  3302 | D:3      | Found a faded altar of an unknown god.
  3444 | D:3      | Reached * piety under Sif Muna
  3677 | D:3      | Killed from afar by an orc priest

Skill      XL: |  1  2  3 |
---------------+----------+-----
Conjurations   | 1 |  1.0
Stealth        | 3 4 |  4.4
Dodging        | 3 |  3.9
Air Magic      | 3 |  3.8
Spellcasting   | |  2.6

Action                   |  1- 3 |  4- 6 || total
-------------------------+-------+-------++-------
Melee: Unarmed           |    65 |    29 ||    94
       Bite              |     4 |     1 ||     5
 Cast: Shock             |    86 |    40 ||   126
  Use: Scroll            |       |     7 ||     7
       Potion            |       |     2 ||     2
 Stab: Sleeping          |    12 |     2 ||    14
  Eat: Chunk             |    11 |     8 ||    19
Armor: Skin              |     1 |     1 ||     2
Dodge: Dodged            |    52 |    48 ||   100
